 Dungeon Crawl Stone Soup version 0.27.1 (webtiles) character file.

Game seed: 378031903526707069

561 Descartes the Covert (level 7, 0/31 HPs)
             Began as a Felid Delver on Sept 3, 2021.
             Slain by Edmund (13 damage)
             ... on level 5 of the Dungeon.
             The game lasted 00:11:16 (5797 turns).

Descartes the Covert (Felid Delver)                 Turns: 5797, Time: 00:11:16

Health: 0/31       AC:  2    Str: 10    XL:     7   Next: 9%
Magic:  8/8        EV: 22    Int: 12    God:
Gold:   258        SH:  0    Dex: 23    Spells: 6/6 levels left
                                        Lives:  0   Deaths: 2

rFire    . . .     SeeInvis +     - Unarmed
rCold    . . .     Faith    .   (shield unavailable)
rNeg     . . .     Spirit   .   (armour unavailable)
rPois    .         Reflect  .   (helmet unavailable)
rElec    .         Harm     .   (cloak unavailable)
rCorr    .         Rampage  .   (gloves unavailable)
Will     +....                  (boots unavailable)
Stlth    +++++.....             (no amulet)
HPRegen  0.10/turn              i - +6 ring of dexterity
MPRegen  0.11/turn              (no ring)

@: quick
A: very small, claws 1, fangs 3, see invisible, speed 1, shaggy fur 2, stealthy
paws, no weapons or thrown items, no armour, multi-lived
a: no special abilities


You were on level 5 of the Dungeon.
You visited 1 branch of the dungeon, and saw 5 of its levels.

You collected 268 gold pieces.
You spent 10 gold pieces at shops.

Inventory:

Missiles
 g - 124 stones
Jewellery
 i - a +6 ring of dexterity (left paw)
Wands
 e - a wand of digging (3)
 f - a wand of flame (10)
Scrolls
 a - a scroll of fog
 b - a scroll of magic mapping
 c - 4 scrolls of fear
 h - a scroll of silence {unknown}
 m - a scroll of immolation {unknown}
 n - a scroll of holy word {unknown}
 p - a scroll of teleportation {unknown}
 t - a scroll of summoning {unknown}
 u - a scroll of enchant armour {unknown}
Potions
 d - a potion of haste
 j - a potion of invisibility {unknown}
 k - 3 potions of lignification
 l - 2 potions of heal wounds
 o - 2 potions of flight
 q - a potion of berserk rage
 r - a potion of might {unknown}
 v - a potion of ambrosia {unknown}


   Skills:
 - Level 3.0 Fighting
 + Level 6.1 Dodging
 * Level 10.8 Stealth
 + Level 4.5 Unarmed Combat
 + Level 4.0 Evocations


You had 6 spell levels left.
You didn't know any spells.
Your spell library contained the following spells:

 Spells                   Type           Power      Damage    Failure   Level
 Freeze                   Ice            0%         1d3       32%         1
 Frozen Ramparts          Ice            0%         1d2       69%         3
 Hailstorm                Conj/Ice       0%         3d3       97%         4


Dungeon Overview and Level Annotations

Branches:
Dungeon (5/15)
 Temple: D:4-7

Altars:
Dithmenos
Ru

Shops:
D:4 !

Annotations:
D:5 Edmund


Innate Abilities, Weirdness & Mutations

You have sharp claws.
You have razor-sharp teeth.
You have supernaturally acute eyesight. (SInv)
You cover ground quickly. (Speed+)
You are covered in thick fur. (AC +2)
Your paws help you pounce on unaware monsters.
You are incapable of wielding weapons or throwing items.
You cannot wear armour.
You gain extra lives every three experience levels.


Message History

You barely miss Edmund. You bite Edmund.
Edmund is heavily wounded.
Edmund completely misses you.
You scratch Edmund but do no damage.
Edmund is heavily wounded.
Edmund completely misses you.
You scratch Edmund but do no damage.
Edmund is heavily wounded.
Edmund completely misses you.
You barely miss Edmund.
Edmund is heavily wounded.
Edmund misses you.
You claw Edmund!
Edmund is severely wounded.
Edmund completely misses you.
You closely miss Edmund.
Edmund is severely wounded.
Edmund closely misses you.
You scratch Edmund but do no damage.
Edmund is severely wounded.
Edmund misses you.
You scratch Edmund.
Edmund is severely wounded.
Edmund asks, "Have you met my wondrous brother?"
Edmund barely misses you.
You scratch Edmund but do no damage.
Edmund is severely wounded.
Edmund barely misses you.
You scratch Edmund but do no damage.
Edmund is severely wounded.
You scratch Edmund but do no damage.
Edmund is severely wounded.
Edmund hits you with a +0 dire flail of protection!
You closely miss Edmund.
Edmund is severely wounded.
Edmund completely misses you.
You scratch Edmund. You claw Edmund, but do no damage.
Edmund is almost dead.
Edmund hits you with a +0 dire flail of protection!
You die...

..o....[..........#.....#.#
........#.......#.#.....#.#
.o.<....###[##.##.#.......#
........# #.##....#....[#.#######
........# #.#..####.#.#.#.##.....
####@#.####)#>.####.#.#.#.##.####
#........#....................
#...######.###.###.#......####
#...........@@................
#....##..#.###.###.######..).. ##
#....##....................)..
...#..................##.#.......
##.#..#.##..#####.#.#..#.#.......
................#.#....#.#.......
.###..............#.####.#......#
.......................#.#.......
.###........###.#.#.##.#.#.......


You could see Edmund.

Vanquished Creatures
  2 sky beasts
  An ogre (D:3)
  A phantom (D:4)
  2 scorpions
  A howler monkey (D:4)
  A centaur zombie (D:5)
  4 hounds (D:5)
  A jelly (D:5)
  An orc priest (D:5)
  3 iguanas (D:5)
  2 orc wizards (D:5)
  Robin (D:3)
  A howler monkey skeleton (D:4)
  6 adders
  An adder zombie (D:5)
  An adder skeleton (D:4)
  3 worms
  2 dart slugs
  7 orcs (D:5)
  11 ball pythons
  7 endoplasms
  8 giant cockroaches
  17 goblins
  6 hobgoblins
  9 jackals (D:1)
  5 quokkas
  9 bats
  5 frilled lizards
  3 kobolds
  8 rats
129 creatures vanquished.

Notes
Turn   | Place    | Note
-------+----------+-------------------------------------------
     0 | D:5      | Descartes the Felid Delver began the quest for the Orb.
     0 | D:5      | Reached XP level 1. HP: 10/10 MP: 2/2
     2 | D:5      | Noticed an orc wizard
    11 | D:5      | Noticed Edmund
    63 | D:5      | Noticed an iguana
    66 | D:5      | Killed an iguana
    67 | D:5      | Reached skill level 7 in Stealth
    67 | D:5      | Reached XP level 2. HP: 14/14 MP: 3/3
   159 | D:4      | Reached XP level 3. HP: 17/17 MP: 4/4
   186 | D:4      | Identified the +7 long sword "Dalezeel" {flame, rC+ Str+8
                  | Dex-2}
   292 | D:4      | Noticed a scorpion
   295 | D:4      | Killed a scorpion
   296 | D:4      | Reached skill level 1 in Evocations
   296 | D:4      | Reached XP level 4. HP: 21/21 MP: 5/5
   368 | D:4      | Found Okou's Distillery.
   375 | D:4      | Bought a potion of degeneration for 10 gold pieces
   431 | D:4      | Noticed a sky beast
   466 | D:3      | Noticed an ogre
   469 | D:3      | Killed an ogre
   470 | D:3      | Reached skill level 8 in Stealth
   470 | D:3      | Reached XP level 5. HP: 24/24 MP: 6/6
  1518 | D:1      | Gained mutation: You are covered in thick fur. (AC +2)
                  | [Felid growth]
  1518 | D:1      | Reached XP level 6. HP: 16/28 MP: 7/7
  3222 | D:3      | Found a sacrificial altar of Ru.
  3271 | D:3      | Noticed a sky beast
  3278 | D:3      | Killed a sky beast
  3279 | D:3      | Reached skill level 9 in Stealth
  3328 | D:3      | Noticed Robin
  3330 | D:3      | Found a shadowy altar of Dithmenos.
  3572 | D:3      | Reached skill level 5 in Dodging
  3802 | D:3      | HP: 1/28 [goblin[Robin] (1)]
  3808 | D:3      | Slain by Robin
  3809 | D:3      | Reached XP level 5. HP: 0/24 MP: 6/6
  3856 | D:3      | Killed Robin
  4077 | D:3      | Reached XP level 6. HP: 28/28 MP: 7/7
  4228 | D:4      | Killed a sky beast
  4392 | D:4      | Reached skill level 10 in Stealth
  4852 | D:5      | Reached XP level 7. HP: 31/31 MP: 8/8
  4900 | D:5      | Mangled by Edmund
  4901 | D:5      | Reached XP level 6. HP: -6/28 MP: 7/7
  5262 | D:5      | Reached XP level 7. HP: 10/31 MP: 8/8
  5797 | D:5      | Slain by Edmund

Illustrated notes

Levels and vault maps discovered:
D:1:      giann_horns, layout_basic, minmay_hexomino_f4
D:2:      layout_basic, kennysheep_generic_room_5
D:3:      layout_loops_ring, nicolae_ru_path_of_blood,
          mainiacjoe_overflow_brackets, minmay_misc_feat_more_columns,
          hangedman_decor_points, hangedman_glass_teeth, st_stairs_14,
          minmay_misc_feat_nine_boxes, minivault_23, uniq_robin
D:4:      layout_loops_corners, serial_shops, shop
D:5:      layout_basic, uniq_edmund

Skill      XL: |  1  2  3  4  5  6 |
---------------+-------------------+-----
Dodging        | 3 4 6 |  6.1
Stealth        | 7 8 10 | 10.8
Evocations     | 1 2 4 |  4.0
Unarmed Combat | 3 4 |  4.5
Fighting       | |  3.0

Action                   |  1- 3 |  4- 6 |  7- 9 || total
-------------------------+-------+-------+-------++-------
Melee: Unarmed           |     5 |   321 |    61 ||   387
       Bite              |       |    25 |     8 ||    33
       Punch             |       |     5 |     2 ||     7
  Use: Scroll            |       |     2 |     3 ||     5
       Potion            |       |     1 |       ||     1
 Stab: Sleeping          |     5 |    48 |       ||    53
       Distracted        |       |     2 |       ||     2
Armor: Skin              |       |    26 |     4 ||    30
Dodge: Dodged            |     1 |   289 |    73 ||   363
